 Dungeon Crawl Stone Soup version 0.30.0-11-gf55b779eaf (webtiles) character file.

Game seed: 15287449966334697873

6325 Esekla the Grave Robber (level 10, -9/66 HPs)
             Began as an Octopode Necromancer on May 17, 2023.
             Was an Initiate of Gozag.
             Mangled by Snorg (10 damage)
             ... while paralysed by a floating eye
             ... on level 1 of the Orcish Mines.
             The game lasted 00:58:16 (12593 turns).

Esekla the Grave Robber (Octopode Necromancer)     Turns: 12593, Time: 00:58:16

Health: -9/66      AC:  5    Str:  7    XL:     10   Next: 95%
Magic:  35/38      EV:  2    Int: 28    God:    Gozag
Gold:   97         SH:  0    Dex: 12    Spells: 12/23 levels left

rFire   . . .        a - +5 scimitar
rCold   . . .        (no shield)
rNeg    . . .        (helmet restricted)
rPois   +            (no amulet)
rElec   .            k - ring of poison resistance
rCorr   .            w - ring of willpower
SInv    .            u - ring of magical power
Will    +....        H - ring of Leaves {MP+9 AC+4 Int+5}
Stlth   ++++         (no ring)
HPRegen 0.31/turn    (no ring)
MPRegen 0.26/turn    (no ring)
                     (no ring)

%: no passive effects
@: paralysed, lethally poisoned (-9 -> -21), about to teleport, gold aura
A: almost no armour, amphibious, 8 rings, camouflage 1, gelatinous body 1,
(nimble swimmer 1), tentacles
a: Renounce Religion, Potion Petition, Call Merchant, Bribe Branch


You were on level 1 of the Orcish Mines.
You worshipped Gozag.
Gozag was noncommittal.
You visited 3 branches of the dungeon, and saw 11 of its levels.

You collected 1695 gold pieces.
You spent 1013 gold pieces at shops.
You paid 585 gold pieces to Gozag.

Inventory:

Hand Weapons
 a - a +5 scimitar (weapon)
 f - the +2 Maxwell's thermic engine {flame, freeze, rev}
   (You found it on level 6 of the Dungeon)
 r - a +4 trident
 s - a +4 dagger of protection
Missiles
 g - 5 boomerangs (quivered)
 j - 7 poisoned darts
Jewellery
 k - a ring of poison resistance (left tentacle)
 u - a ring of magical power (on tentacle)
 w - a ring of willpower (right tentacle)
 G - a ring of ice
 H - the ring of Leaves (on tentacle) {MP+9 AC+4 Int+5}
   (You bought it in a shop on level 9 of the Dungeon)

   [ring of protection]

   AC:        It affects your AC (+4).
   Int:       It affects your intelligence (+5).
   MP:        It affects your magic capacity (+9).
Wands
 o - a wand of digging (3)
 t - a wand of mindburst (18)
 y - a wand of paralysis (5)
 E - a wand of roots (6)
Scrolls
 b - a scroll of butterflies {unknown}
 c - 3 scrolls of teleportation
 n - a scroll of blinking {unknown}
 p - a scroll of amnesia {unknown}
 v - a scroll of torment {unknown}
 x - 2 scrolls of fear
 z - 2 scrolls of fog {unknown}
 A - 3 scrolls of enchant weapon {unknown}
 D - 2 scrolls of identify
 F - a scroll of magic mapping {unknown}
Potions
 d - 4 potions of lignification
 e - 2 potions of mutation
 h - 4 potions of curing
 i - a potion of brilliance
 l - a potion of attraction
 m - a potion of ambrosia
 q - 2 potions of magic
 B - a potion of haste
 C - a potion of resistance


   Skills:
 * Level 5.2 Fighting
 + Level 1.4(4.6) Short Blades
 * Level 7.0(7.1) Long Blades
 + Level 1.1 Axes
 + Level 1.3 Throwing
 * Level 6.0 Dodging
 + Level 6.5 Stealth
 * Level 7.1 Spellcasting
 * Level 7.2 Necromancy
 + Level 4.4 Ice Magic
 * Level 3.6 Poison Magic


You had 12 spell levels left.
You knew the following spells:

 Your Spells              Type           Power      Damage    Failure   Level
a - Necrotise             Necr           100%       1d9       1%          1
d - Vampiric Draining     Necr           50%        2d9       1%          3
r - Frozen Ramparts       Ice            68%        1d11      2%          3
x - Olgreb's Toxic Radia  Pois           30%        N/A       12%         4

Your spell library contained the following spells:

 Spells                   Type           Power      Damage    Failure   Level
 Shock                    Conj/Air       36%        1d5       5%          1
 Hailstorm                Conj/Ice       22%        3d7       6%          3
 Agony                    Necr           50%        N/A       8%          5
 Swiftness                Air            9%         N/A       16%         3
 Ice Form                 Ice/Tmut       22%        N/A       22%         4
 Summon Ice Beast         Ice/Summ       22%        N/A       22%         4
 Airstrike                Air            4%         2d(1-17)  47%         4
 Discord                  Hex            4%         N/A       100%        8
 Ignition                 Fire           4%         3d4       100%        8
 Animate Dead             Necr           Unusable   N/A       N/A         4
 Simulacrum               Ice/Necr       Unusable   N/A       N/A         6

Dungeon Overview and Level Annotations

Branches:
Dungeon (9/15)             Temple (1/1) D:4            Lair (0/5) D:9
    Orc (1/2) D:9

Altars:
Ashenzari
Cheibriados
Dithmenos
Elyvilon
Fedhas
Gozag
Hepliaklqana
Kikubaaqudgha
Makhleb
Nemelex Xobeh
Okawaru
Qazlal
Ru
Sif Muna
Trog
Uskayaw
Vehumet
Wu Jian
Xom
Yredelemnul
Zin
The Shining One

Shops:
D:5 :   D:9 =

Annotations:
D:3 Ijyb
D:4 1 runed translucent door, Crazy Yiuf, Menkaure
D:6 2 runed translucent doors, vampire
D:7 3 runed translucent doors, esper6's ghost, novice GnIE; qdestroyer's ghost, novice MiFi
D:9 3 runed translucent doors, exclusion: orange crystal statue
Orc:1 Snorg


Innate Abilities, Weirdness & Mutations

You cannot wear most types of armour.
You are amphibious.
You can wear up to eight rings at the same time.
Your skin changes colour to match your surroundings (Stealth+).
Your rubbery body absorbs attacks. (AC +1, EV +1)
((You are camouflaged when in or above water. (Stealth+)))
You have tentacles for arms and can constrict up to eight enemies at once.


Message History

Your attack snaps Snorg out of her fear.
Snorg is poisoned.
The hornet looks even sicker.
The floating eye looks even sicker. x2
You hear an angry buzzing noise.
You hear a shout!
Snorg goes berserk!
The floating eye gazes piercingly through you!
You shrug off the repeated paralysis!
The floating eye gazes piercingly through you!
You shrug off the repeated paralysis!
As you read the scroll of teleportation, it crumbles to dust.
You feel strangely unstable.
The hornet looks even sicker.
The floating eye looks even sicker.
Snorg looks even sicker.
The floating eye seems to glare at you.
You hear a shout!
Okay, then.
You hit the floating eye. You grab the floating eye.
The floating eye is severely wounded.
The floating eye looks as sick as possible!
Your toxic aura wanes.
You constrict the floating eye.
You hear a shout!
Something hits you.
* * * LOW HITPOINT WARNING * * *
You are poisoned.
The floating eye gazes piercingly through you!
You suddenly lose the ability to move!
You lose your grip on the floating eye.
You hear an angry buzzing noise.
You feel sick.
You kill the floating eye!
Your Long Blades skill increases to level 7!
You feel sick.
You kill the floating eye!
Something hits you.
* * * LOW HITPOINT WARNING * * *
You are lethally poisoned!
Snorg bites you.
* * * LOW HITPOINT WARNING * * *
Snorg claws you!
You die...
Your body crumbles into a pile of gold.

# # #.## ##.#
#.y$## ##...#
#.....###.$...#
#.G...$.....#
#####...y...###
##...####T####.##
#.......@.......#
##..#..^........#
#.............##
##.#.........###
#..............##
##..............#
#.#..###.......##
###.).# ###....##
###....####
###.##


You could see Snorg (berserk, very poisoned) and a hornet (poisoned).

Vanquished Creatures
  A komodo dragon (D:6)
  A troll (D:6)
  A hornet (D:8)
  4 yaks (D:8)
  Eustachio (D:4)
  2 steam dragons (D:9)
  3 wargs
  3 water moccasins
  2 floating eyes (Orc:1)
  3 orc warriors
  4 sky beasts
  2 ogres
  3 centaurs
  A phantom (D:5)
  3 bullfrogs
  A kobold brigand (D:9)
  A gnoll sergeant (D:9)
  5 scorpions
  2 water moccasin zombies (D:4)
  17 wights
  4 jellies
  3 howler monkeys
  A bullfrog zombie (D:4)
  3 hounds
  9 orc priests
  A gnoll bouda (D:6)
  A sleepcap (D:5)
  4 iguanas
  7 orc wizards
  8 adders
  7 gnolls
  A shadow imp (D:7)
  A white imp (D:7)
  3 adder zombies (D:4)
  3 adder skeletons (D:4)
  A worm (D:2)
  19 orcs
  3 ball pythons
  8 bats
  11 endoplasms
  7 giant cockroaches
  4 hobgoblins
  3 jackals (D:2)
  12 kobolds
  3 quokkas
  2 frilled lizards
  7 goblins (D:3)
  7 rats
203 creatures vanquished.

Notes
Turn   | Place    | Note
-------+----------+-------------------------------------------
     0 | D:1      | Esekla the Octopode Necromancer began the quest for the
                  | Orb.
     0 | D:1      | Reached XP level 1. HP: 11/11 MP: 3/3
   194 | D:1      | Reached XP level 2. HP: 16/17 MP: 5/5
   918 | D:2      | Reached XP level 3. HP: 18/22 MP: 6/6
   987 | D:2      | Found a basalt altar of Yredelemnul.
  1038 | D:2      | Reached skill level 1 in Fighting
  1847 | D:2      | Learned a level 3 spell: Vampiric Draining
  1974 | D:3      | Reached XP level 4. HP: 16/28 MP: 3/7
  2072 | D:3      | Reached skill level 1 in Axes
  2072 | D:3      | Reached skill level 1 in Ice Magic
  2492 | D:3      | Noticed Ijyb
  2819 | D:4      | Reached XP level 5. HP: 15/33 MP: 1/8
  3015 | D:4      | Found a runed translucent door.
  3016 | D:4      | Noticed Crazy Yiuf
  3096 | D:4      | Noticed Menkaure
  3244 | D:4      | Learned a level 3 spell: Frozen Ramparts
  3333 | D:4      | Found a staircase to the Ecumenical Temple.
  3342 | Temple   | Entered the Ecumenical Temple
  3351 | Temple   | Became a worshipper of Gozag Ym Sagoz the Greedy
  3392 | D:4      | Reached XP level 6. HP: 36/39 MP: 9/9
  3470 | D:4      | Noticed Eustachio
  3485 | D:4      | Killed Eustachio
  3486 | D:4      | Reached skill level 1 in Long Blades
  3486 | D:4      | Reached skill level 5 in Necromancy
  3684 | D:4      | Reached XP level 7. HP: 20/45 MP: 11/11
  3933 | D:5      | Entered Level 5 of the Dungeon
  3936 | D:5      | Found Dygunt's Self-Improvement Boutique.
  4434 | D:5      | Found a radiant altar of Vehumet.
  4434 | D:5      | Found a hazy altar of Hepliaklqana.
  4435 | D:5      | Found a broken altar of Ashenzari.
  4435 | D:5      | Found a shimmering altar of Xom.
  4435 | D:5      | Found a bloodstained altar of Trog.
  4464 | D:5      | Reached XP level 8. HP: 43/52 MP: 12/12
  4851 | D:5      | Reached skill level 1 in Short Blades
  6243 | D:6      | Reached XP level 9. HP: 37/57 MP: 16/16
  6248 | D:6      | Found a large runed translucent door.
  6248 | D:6      | Found a large runed translucent door.
  6253 | D:6      | Noticed a manticore
  6254 | D:6      | Found the +2 Maxwell's thermic engine {flame, freeze, rev}
  6263 | D:6      | Found a large runed translucent door.
  6263 | D:6      | Found a large runed translucent door.
  6360 | D:6      | Reached skill level 5 in Long Blades
  6360 | D:6      | Reached skill level 5 in Spellcasting
  6483 | D:6      | Noticed a komodo dragon
  6490 | D:6      | Killed a komodo dragon
  6491 | D:6      | Reached skill level 1 in Throwing
  6872 | D:6      | Noticed a troll
  6987 | D:6      | Killed a troll
  7400 | D:7      | Reached skill level 1 in Poison Magic
  7878 | D:7      | Reached skill level 5 in Stealth
  8004 | D:7      | Found a runed translucent gate.
  8006 | D:7      | Found a runed translucent gate.
  8006 | D:7      | Found a runed translucent gate.
  8006 | D:7      | Noticed esper6's ghost (novice GnIE)
  8006 | D:7      | Noticed qdestroyer's ghost (novice MiFi)
  8026 | D:7      | Reached XP level 10. HP: 65/65 MP: 19/19
  8478 | D:8      | Reached skill level 5 in Dodging
  8563 | D:8      | Learned a level 4 spell: Olgreb's Toxic Radiance
 10379 | D:9      | Found a staircase to the Orcish Mines.
 10434 | D:9      | Found a staircase to the Lair.
 10922 | D:9      | Reached skill level 5 in Fighting
 11510 | D:9      | Found a runed translucent door.
 11516 | D:9      | Found a runed translucent door.
 11572 | D:9      | Found a runed translucent door.
 11584 | D:9      | Found a runed translucent door.
 12147 | D:9      | Noticed an orange crystal statue
 12390 | Orc:1    | Entered Level 1 of the Orcish Mines
 12452 | D:9      | Bought the ring of Leaves {MP+9 AC+4 Int+5} for 1013 gold
                  | pieces
 12583 | Orc:1    | Noticed Snorg
 12584 | Orc:1    | Paralysed by a floating eye for 4 turns
 12587 | Orc:1    | Noticed an ogre mage
 12591 | Orc:1    | Paralysed by a floating eye for 3 turns
 12593 | Orc:1    | HP: 1/66 [Snorg (6)]
 12593 | Orc:1    | Mangled by Snorg

Illustrated notes

Levels and vault maps discovered:
D:1:      lightli_arrival_windingriver, layout_basic, serial_corexii_hall,
          chequers_hall_statues_wall_a, corexii_hall_statues_i,
          minmay_tiny_reverse_x
D:2:      layout_basic, serial_bayou, serial_bayou_pond_d, serial_bayou_ford_a,
          serial_bayou_crossing, serial_bayou_lake_a, serial_bayou_pond_c,
          serial_bayou_lagoon_a, basic_altar
D:3:      kennysheep_the_goblin_king, layout_rooms, grunt_decor_junction
D:4:      layout_rooms, lemuel_temple_firewalk_a, serial_undead,
          serial_undead_b, serial_undead_b, serial_undead_d, serial_undead_d,
          uniq_crazy_yiuf_cottage, uniq_menkaure, uniq_eustachio
D:5:      layout_basic, grunt_temple_overflow_open, nicolae_shop_self_help,
          uniq_ijyb
D:6:      layout_basic, hangedman_abyss_or_decor_stagger,
          minmay_hollow_rounded_squares
D:7:      layout_basic, gammafunk_ghost_cemetery, hex_intersection
D:8:      layout_basic
D:9:      layout_gridville, lair_entry_dummy, erik_orc_3,
          amcnicky_mini_corridor_feature, minmay_statue_crystal_thing
Temple:   sentei_temple_godly_chess
Orc:1:    hellmonk_paralyzer, layout_diamond_mine, uniq_snorg

Skill      XL: |  1  2  3  4  5  6  7  8  9 10 |
---------------+-------------------------------+-----
Stealth        | 3 4 5 6 |  6.5
Fighting       | 1 2 3 4 5 |  5.2
Axes           | 1 |  1.1
Ice Magic      | 1 2 3 4 |  4.4
Dodging        | 3 4 6 |  6.0
Long Blades    | 1 3 4 5 7 |  7.0
Necromancy     | 5 6 7 |  7.2
Spellcasting   | 3 4 6 7 |  7.1
Short Blades   | 1 |  1.4
Throwing       | 1 |  1.3
Poison Magic   | 2 3 |  3.6

Action                     |  1- 3 |  4- 6 |  7- 9 | 10-12 || total
---------------------------+-------+-------+-------+-------++-------
  Melee: Unarmed           |    31 |       |       |       ||    31
         Constrict         |    24 |    23 |    30 |    21 ||    98
         Tentacles         |    20 |    24 |    26 |    25 ||    95
         Hand axe          |    39 |       |       |       ||    39
         Dagger            |    34 |    52 |    18 |     8 ||   112
         Punch             |     1 |       |     2 |     3 ||     6
         Long sword        |       |    51 |     9 |       ||    60
         Scimitar          |       |       |    82 |    57 ||   139
         Double sword      |       |       |       |    28 ||    28
  Throw: Boomerang         |       |     4 |    20 |     1 ||    25
         Dart              |       |       |    13 |     5 ||    18
   Cast: Vampiric Draining |     1 |    13 |    25 |    22 ||    61
         Frozen Ramparts   |       |       |     9 |    14 ||    23
         Olgreb's Toxic Ra |       |       |       |     5 ||     5
 Invoke: Call Merchant     |       |       |       |     1 ||     1
  Evoke: Wand              |       |       |     1 |       ||     1
    Use: Scroll            |       |     1 |    10 |     5 ||    16
         Potion            |       |       |       |     3 ||     3
   Stab: Sleeping          |    12 |     5 |    11 |     6 ||    34
 Armour: Skin              |     5 |     7 |     5 |     2 ||    19
  Dodge: Dodged            |    68 |    77 |    64 |    69 ||   278
